 Dungeon Crawl Stone Soup version 0.24.0-37-gcf1ca852f1 (webtiles) character file.

Game seed: 17303565764447375032, levelgen mode: deterministic

9522 FishyPogo the Thaumaturge (level 11, 0/86 HPs)
             Began as a Gnoll Skald on Dec 7, 2019.
             Was an Elder of Wu Jian.
             Slain by Urug
             ... wielding a +2 double sword of draining
              (26 damage)
             ... on level 11 of the Dungeon.
             The game lasted 00:33:42 (7824 turns).

FishyPogo the Thaumaturge (Gnoll Skald)             Turns: 7824, Time: 00:33:43

Health: 0/86       AC:  9    Str: 15    XL:     11   Next: 47%
Magic:  13/23      EV: 14    Int: 17    God:    Wu Jian [****..]
Gold:   595        SH:  7    Dex: 10    Spells: 10/26 levels left

rFire    . . .     SeeInvis +   z - +6 scimitar
rCold    . . .     Gourm    .   F - +2 buckler {rPois}
rNeg     . . .     Faith    +   B - +1 robe of Divine Intervention {+Blink rElec Dex-5} (curse)
rPois    +         Spirit   .   (no helmet)
rElec    +         Reflect  .   i - +0 cloak
rCorr    .         Harm     .   A - +0 pair of gloves
MR       .....                  o - +2 pair of boots
Stlth    +++.......             D - amulet of faith
HPRegen  1.24/turn              h - ring of see invisible
MPRegen  0.18/turn              K - ring of wizardry

@: exhausted, appendage (expiring), shrouded, regenerating (expiring), drained
A: distributed training, fangs 1, horns 2, strong nose
a: End Transformation, Wall Jump, Serpent's Lash, Renounce Religion, Evoke Blink


You were on level 11 of the Dungeon.
You worshipped Wu Jian.
Wu Jian was greatly pleased with you.
You were not hungry.
You had grown temporary horns.
You visited 1 branch of the dungeon, and saw 11 of its levels.

You collected 767 gold pieces.
You spent 172 gold pieces at shops.

Inventory:

Hand Weapons
 z - a +6 scimitar (weapon)
Missiles
 a - 3 throwing nets
 e - 234 stones
 p - 35 poisoned darts (quivered)
 y - 8 javelins
 H - 7 boomerangs
 L - 4 silver boomerangs
Armour
 b - a +0 robe of fire resistance
 i - a +0 cloak (worn)
 o - a +2 pair of boots (worn)
 w - the +1 scale mail of Happiness {rC+ Str+2}
   (You found it on level 4 of the Dungeon)

   It affects your strength (+2).
   It protects you from cold.
 A - a +0 pair of gloves (worn)
 B - the cursed +1 robe of Divine Intervention (worn) {+Blink rElec Dex-5}
   (You found it on level 8 of the Dungeon)

   It affects your dexterity (-5).
   It insulates you from electricity.
   It lets you blink.
   It has a curse placed upon it.
 F - a +2 buckler of poison resistance (worn)
Jewellery
 h - a ring of see invisible (left hand)
 x - a cursed amulet of inaccuracy {unknown}
 D - an amulet of faith (around neck)
 K - a ring of wizardry (right hand)
 O - an uncursed amulet of magic regeneration {unknown}
Wands
 m - a wand of acid (9)
 q - a wand of scattershot (5)
 J - a wand of polymorph (5)
Scrolls
 c - 6 scrolls of teleportation
 f - 7 scrolls of identify
 j - 4 scrolls of remove curse
 s - 3 scrolls of fear
 u - 3 scrolls of enchant weapon
 E - a scroll of enchant armour
 G - a scroll of noise {unknown}
 M - a scroll of blinking
 P - a scroll of silence {unknown}
 Q - a scroll of vulnerability {unknown}
Potions
 g - a potion of cancellation {unknown}
 k - 4 potions of berserk rage
 l - a potion of brilliance {unknown}
 n - 5 potions of curing
 r - 2 potions of lignification
 t - 6 potions of agility
 v - a potion of haste {unknown}
 C - 3 potions of resistance
 I - a potion of heal wounds {unknown}
 N - a potion of magic {unknown}
Comestibles
 d - 23 rations
 R - 10 chunks of flesh


   Skills:
 + Level 7.8(6.5) Fighting
 + Level 6.2(5.0) Short Blades
 + Level 7.8(6.5) Long Blades
 + Level 6.2(5.0) Axes
 + Level 6.2(5.0) Maces & Flails
 + Level 6.2(5.0) Polearms
 + Level 6.2(5.0) Staves
 + Level 6.2(5.0) Slings
 + Level 6.2(5.0) Bows
 + Level 6.2(5.0) Crossbows
 + Level 6.2(5.0) Throwing
 + Level 6.8(5.6) Armour
 + Level 7.8(6.5) Dodging
 + Level 6.2(5.0) Stealth
 + Level 6.2(5.0) Shields
 + Level 6.2(5.0) Unarmed Combat
 + Level 8.1(6.8) Spellcasting
 + Level 5.1(4.0) Conjurations
 + Level 5.1(4.0) Hexes
 + Level 7.6(6.3) Charms
 + Level 5.1(4.0) Summonings
 + Level 5.1(4.0) Necromancy
 + Level 5.1(4.0) Translocations
 + Level 5.1(4.0) Transmutations
 + Level 5.1(4.0) Fire Magic
 + Level 5.1(4.0) Ice Magic
 + Level 5.1(4.0) Air Magic
 + Level 5.1(4.0) Earth Magic
 + Level 5.1(4.0) Poison Magic
 + Level 6.8(5.6) Invocations
 + Level 6.2(5.0) Evocations


You had 10 spell levels left.
You knew the following spells:

 Your Spells              Type           Power        Failure   Level  Hunger
h - Regeneration          Chrm/Necr      ###.......   1%          3    ##.....
k - Iskenderun's Mystic   Conj           ###.....     9%          4    ####...
m - Infusion              Chrm           ####         1%          1    None
n - Spectral Weapon       Hex/Chrm       ###.....     1%          3    ##.....
p - Shroud of Golubria    Chrm/Tloc      ###...       1%          2    None
u - Song of Slaying       Chrm           ####....     1%          2    None
y - Beastly Appendage     Tmut           ###...       1%          1    None

Your spell library contained the following spells:

 Spells                   Type           Power        Failure   Level  Hunger
 Animate Skeleton         Necr           N/A          1%          1    None
 Apportation              Tloc           ###...       1%          1    None
 Confusing Touch          Hex            ###...       1%          1    None
 Magic Dart               Conj           ###.         1%          1    None
 Summon Small Mammal      Summ           ###.         1%          1    None
 Searing Ray              Conj           ###...       1%          2    None
 Sticks to Snakes         Tmut           ###.....     1%          2    None
 Dazzling Spray           Conj/Hex       ###...       2%          3    ##.....
 Spider Form              Tmut/Pois      ###.......   2%          3    ##.....
 Force Lance              Conj/Tloc      ###.....     9%          4    ####...
 Fulminant Prism          Conj/Hex       ###.......   9%          4    ####...
 Ice Form                 Ice/Tmut       ###.....     9%          4    ####...
 Blade Hands              Tmut           ###.......   26%         5    #####..


Dungeon Overview and Level Annotations

Branches:
Dungeon (11/15)            Temple (0/1) D:7            Lair (0/6) D:9
    Orc (0/2) D:11

Altars:
Gozag
Kikubaaqudgha
Makhleb
Ru
Sif Muna
Trog
Uskayaw
Vehumet
Wu Jian
Zin
The Shining One

Shops:
D:8 [

Annotations:
D:7 3 runed translucent doors, Democracy123's ghost, novice FoFi
D:10 1 runed translucent door, 1 exclusion
D:11 Urug


Innate Abilities, Weirdness & Mutations

Your experience applies equally to all skills.
You have very sharp teeth.
Your uncanny sense of smell can sniff out nearby items.
You have a pair of horns on your head.


Message History

Your spectral weapon hits Urug!
You hit Urug. You bite Urug, but do no damage.
Urug is heavily wounded.
Your spectral weapon hits Urug!
Urug misses you.
You riposte.
You closely miss Urug. You headbutt Urug, but do no damage.
Your bite misses Urug.
Urug is heavily wounded.
Your muscles tense, ready for explosive movement...
You spin and attack Urug, with incredible momentum.
You hit Urug.
Urug is heavily wounded.
You spin and attack Urug, with incredible momentum.
You slash Urug! Your headbutt misses Urug.
Urug is severely wounded.
Your supernatural speed expires.
Your transformation is almost over.
You lunge at Urug.
You slash Urug!
Urug is almost dead.
Urug hits you with a +2 double sword of draining!!
You die...

..÷......#....##..#####..##.##.#
#########...####..#####..##.##.#
##.....................#
#.......##########.####
######.####### #..# #.......#
####### #.## #####.#.###.#
#.....# #.#
...##.#.###.###○....# #.#
.........#(...○o@...# #<#
.>.##.#..#(.###(....# ###.#####
.####.#..#..# #.....# #.......#
.# #.......# ####### #..[..#.#
.# ###..#.## #.....#.# .#
#..#.## #.....#.# .## ##..<.##
#.....#.# ..## ###.....##
#.......# ...# #........#
##########.####


You could see Urug (pinned) and a friendly spectral +6 scimitar.

Vanquished Creatures
  A two-headed ogre (D:11)
  An ugly thing (D:10)
  2 manticores (D:11)
  Joseph (D:7)
  2 centaur skeletons (D:8)
  2 hellwings (D:8)
  A troll (D:11)
  A hornet (D:11)
  2 hippogriffs
  Sigmund (D:6)
  2 water moccasins
  A soldier ant (D:11)
  3 orc warriors
  3 ice beasts
  3 sky beasts
  2 necrophages (D:7)
  A black bear (D:7)
  An ogre (D:5)
  A phantom (D:7)
  3 centaurs
  Blork the orc (D:6)
  5 bullfrogs
  A gnoll sergeant (D:11)
  2 wyvern zombies (D:8)
  A wyvern skeleton (D:11)
  6 scorpions
  4 killer bees (D:8)
  4 howler monkeys
  2 crimson imps
  A bullfrog zombie (D:5)
  4 centaur zombies
  10 hounds
  6 orc priests
  A bullfrog skeleton (D:8)
  5 iguanas
  7 orc wizards
  Natasha (thrice) (D:2)
  4 worker ants
  A killer bee zombie (D:10)
  A hound zombie (D:9)
  2 worker ant zombies
  A howler monkey skeleton (D:7)
  5 adders
  4 gnolls (D:11)
  3 shadow imps (D:8)
  2 worms
  6 leopard geckos
  30 orcs
  4 bats
  4 giant cockroaches
  6 goblins
  8 hobgoblins
  9 jackals
  8 kobolds
  3 quokkas
  3 ball pythons
  5 frilled lizards
  A giant cockroach zombie (D:5)
  A jackal skeleton (D:6)
  A jackal zombie (D:6)
  A leopard gecko zombie (D:8)
  4 rats
214 creatures vanquished.

Vanquished Creatures (others)
  3 spectral weapons
3 creatures vanquished.

Grand Total: 217 creatures vanquished

Notes
Turn   | Place    | Note
-------+----------+-------------------------------------------
     0 | D:1      | FishyPogo the Gnoll Skald began the quest for the Orb.
     0 | D:1      | Reached XP level 1. HP: 20/20 MP: 6/6
   236 | D:1      | Reached XP level 2. HP: 14/26 MP: 7/7
   245 | D:1      | Learned a level 2 spell: Song of Slaying
   248 | D:1      | Learned a level 2 spell: Shroud of Golubria
   478 | D:1      | Reached XP level 3. HP: 27/31 MP: 7/9
   480 | D:1      | Reached skill level 5 in Spellcasting
   485 | D:1      | Learned a level 3 spell: Regeneration
   489 | D:1      | Learned a level 3 spell: Spectral Weapon
   734 | D:2      | Found a sacrificial altar of Ru.
   735 | D:2      | Noticed Natasha
   952 | D:2      | Found an ornate altar of the Wu Jian Council.
   960 | D:2      | Became a worshipper of the Wu Jian Council
  1017 | D:2      | Killed Natasha
  1017 | D:2      | Reached skill level 1 in Short Blades
  1017 | D:2      | Reached skill level 1 in Axes
  1017 | D:2      | Reached skill level 1 in Maces & Flails
  1017 | D:2      | Reached skill level 1 in Polearms
  1017 | D:2      | Reached skill level 1 in Staves
  1017 | D:2      | Reached skill level 1 in Slings
  1017 | D:2      | Reached skill level 1 in Bows
  1017 | D:2      | Reached skill level 1 in Crossbows
  1017 | D:2      | Reached skill level 1 in Throwing
  1017 | D:2      | Reached skill level 1 in Stealth
  1017 | D:2      | Reached skill level 1 in Shields
  1017 | D:2      | Reached skill level 1 in Unarmed Combat
  1017 | D:2      | Reached skill level 1 in Invocations
  1017 | D:2      | Reached skill level 1 in Evocations
  1017 | D:2      | Reached XP level 4. HP: 38/38 MP: 4/11
  1019 | D:2      | Noticed Natasha
  1027 | D:2      | Killed Natasha
  1037 | D:2      | Noticed Natasha
  1044 | D:2      | Killed Natasha
  1044 | D:2      | Reached skill level 1 in Conjurations
  1044 | D:2      | Reached skill level 1 in Hexes
  1044 | D:2      | Reached skill level 1 in Summonings
  1044 | D:2      | Reached skill level 1 in Necromancy
  1044 | D:2      | Reached skill level 1 in Translocations
  1044 | D:2      | Reached skill level 1 in Transmutations
  1044 | D:2      | Reached skill level 1 in Fire Magic
  1044 | D:2      | Reached skill level 1 in Ice Magic
  1044 | D:2      | Reached skill level 1 in Air Magic
  1044 | D:2      | Reached skill level 1 in Earth Magic
  1044 | D:2      | Reached skill level 1 in Poison Magic
  1150 | D:2      | Reached XP level 5. HP: 40/43 MP: 12/12
  1682 | D:3      | Found an ancient bone altar of Kikubaaqudgha.
  2007 | D:3      | Found a hide-covered altar of Uskayaw.
  2136 | D:4      | Reached * piety under Wu Jian
  2267 | D:4      | Found a shimmering blue altar of Sif Muna.
  2444 | D:4      | Reached XP level 6. HP: 37/50 MP: 8/13
  2628 | D:4      | Got a transparent scale mail
  2763 | D:4      | Reached skill level 5 in Fighting
  2763 | D:4      | Reached skill level 5 in Long Blades
  2763 | D:4      | Reached skill level 5 in Dodging
  2936 | D:5      | Entered Level 5 of the Dungeon
  3006 | D:5      | Reached XP level 7. HP: 44/56 MP: 15/15
  3302 | D:5      | Reached XP level 8. HP: 36/63 MP: 2/16
  3535 | D:6      | Learned a level 1 spell: Beastly Appendage
  3565 | D:6      | Noticed Blork the orc
  3582 | D:6      | Reached ** piety under Wu Jian
  3586 | D:6      | Killed Blork the orc
  3748 | D:6      | Reached skill level 6 in Spellcasting
  3917 | D:6      | Identified the +1 scale mail of Happiness {rC+ Str+2} (You
                  | found it on level 4 of the Dungeon)
  4004 | D:6      | Noticed Sigmund
  4016 | D:6      | Killed Sigmund
  4082 | D:7      | Found a glowing silver altar of Zin.
  4183 | D:7      | Reached XP level 9. HP: 57/69 MP: 18/18
  4334 | D:7      | Reached skill level 5 in Armour
  4439 | D:7      | Found a burning altar of Makhleb.
  4542 | D:7      | Found a runed translucent gate.
  4542 | D:7      | Found a runed translucent gate.
  4542 | D:7      | Found a runed translucent gate.
  4542 | D:7      | Found an opulent altar of Gozag.
  4542 | D:7      | Noticed Democracy123's ghost (novice FoFi)
  4678 | D:7      | Found a staircase to the Ecumenical Temple.
  4679 | D:7      | Noticed Joseph
  4689 | D:7      | Killed Joseph
  4689 | D:7      | Reached *** piety under Wu Jian
  5087 | D:8      | Found a radiant altar of Vehumet.
  5087 | D:8      | Found a glowing golden altar of the Shining One.
  5115 | D:8      | Reached skill level 5 in Invocations
  5210 | D:8      | Reached XP level 10. HP: 64/77 MP: 7/20
  5253 | D:8      | Reached skill level 7 in Spellcasting
  5295 | D:8      | Found Puxeaxt's Antique Armour Boutique.
  5299 | D:8      | Bought a glowing buckler for 172 gold pieces
  5350 | D:8      | Reached skill level 5 in Short Blades
  5350 | D:8      | Reached skill level 5 in Axes
  5350 | D:8      | Reached skill level 5 in Maces & Flails
  5350 | D:8      | Reached skill level 5 in Polearms
  5350 | D:8      | Reached skill level 5 in Staves
  5350 | D:8      | Reached skill level 5 in Slings
  5350 | D:8      | Reached skill level 5 in Bows
  5350 | D:8      | Reached skill level 5 in Crossbows
  5350 | D:8      | Reached skill level 5 in Throwing
  5350 | D:8      | Reached skill level 5 in Stealth
  5350 | D:8      | Reached skill level 5 in Shields
  5350 | D:8      | Reached skill level 5 in Unarmed Combat
  5350 | D:8      | Reached skill level 5 in Evocations
  5452 | D:8      | Got a transparent robe
  5463 | D:8      | Identified the cursed +1 robe of Divine Intervention
                  | {+Blink rElec Dex-5} (You found it on level 8 of the
                  | Dungeon)
  5561 | D:8      | Found a bloodstained altar of Trog.
  5803 | D:8      | Learned a level 4 spell: Iskenderun's Mystic Blast
  6116 | D:9      | Found a staircase to the Lair.
  6475 | D:10     | Entered Level 10 of the Dungeon
  6653 | D:10     | Reached **** piety under Wu Jian
  6658 | D:10     | Reached XP level 11. HP: 60/84 MP: 15/22
  7109 | D:10     | Found a runed translucent door.
  7109 | D:10     | Noticed a deep elf knight
  7109 | D:10     | Noticed a yaktaur captain
  7109 | D:10     | Noticed a frost giant
  7110 | D:10     | Found the +5 robe of Misfortune {*Contam Harm *Corrode
                  | *Drain *Slow EV+5}
  7110 | D:10     | Identified the cursed +2 mace of the Globe {crush, +Blink}
  7173 | D:10     | Noticed a purple ugly thing
  7254 | D:10     | Killed a purple ugly thing
  7480 | D:11     | Noticed a manticore
  7491 | D:11     | Killed a manticore
  7510 | D:11     | Noticed a manticore
  7522 | D:11     | HP: 2/84 [manticore (3)]
  7523 | D:11     | Killed a manticore
  7523 | D:11     | Reached skill level 5 in Conjurations
  7523 | D:11     | Reached skill level 5 in Hexes
  7523 | D:11     | Reached skill level 5 in Summonings
  7523 | D:11     | Reached skill level 5 in Necromancy
  7523 | D:11     | Reached skill level 5 in Translocations
  7523 | D:11     | Reached skill level 5 in Transmutations
  7523 | D:11     | Reached skill level 5 in Fire Magic
  7523 | D:11     | Reached skill level 5 in Ice Magic
  7523 | D:11     | Reached skill level 5 in Air Magic
  7523 | D:11     | Reached skill level 5 in Earth Magic
  7523 | D:11     | Reached skill level 5 in Poison Magic
  7658 | D:11     | Reached skill level 8 in Spellcasting
  7708 | D:11     | Found a staircase to the Orcish Mines.
  7710 | D:11     | Noticed a two-headed ogre
  7727 | D:11     | Killed a two-headed ogre
  7809 | D:11     | Noticed Urug
  7824 | D:11     | Slain by Urug

Levels and vault maps discovered:
D:1:      roderic_chinese_lattice_arrival, layout_loops_ring
D:2:      layout_loops_ring, lemuel_coloured_pillars_altar,
          nicolae_ru_awakened_eye, uniq_natasha
D:3:      layout_rooms, nicolae_overflow_hidden_temple,
          overflow_temple_1_default
D:4:      layout_basic, led_sif_book, minmay_door_square
D:5:      layout_loops_cross, first_ration
D:6:      layout_rooms, grunt_ministairs_4, uniq_sigmund, uniq_blork_the_orc
D:7:      layout_basic, overflow_temple_1_default, makhleb_heckhound_becter,
          temple_pool_b, ebering_ghost_gozag, uniq_joseph
D:8:      cheibrodos_grave_circle, layout_basic, overflow_temple_1_default,
          gammafunk_temple_overflow_elements, serial_shops, kennysheep_mini
D:9:      layout_basic, dpeg_oklobed_lair
D:10:     minmay_gate_of_8, layout_gridville
D:11:     layout_loops_cross, orc_0_dummy, grunt_ogre_cave, uniq_urug

Skill      XL: |  1  2  3  4  5  6  7  8  9 10 11 |
---------------+----------------------------------+-----
Spellcasting   | 5 6 7 8 |  8.1
Short Blades   | 1 2 3 4 5 6 |  6.2
Axes           | 1 2 3 4 5 6 |  6.2
Maces & Flails | 1 2 3 4 5 6 |  6.2
Polearms       | 1 2 3 4 5 6 |  6.2
Staves         | 1 2 3 4 5 6 |  6.2
Slings         | 1 2 3 4 5 6 |  6.2
Bows           | 1 2 3 4 5 6 |  6.2
Crossbows      | 1 2 3 4 5 6 |  6.2
Throwing       | 1 2 3 4 5 6 |  6.2
Stealth        | 1 2 3 4 5 6 |  6.2
Shields        | 1 2 3 4 5 6 |  6.2
Unarmed Combat | 1 2 3 4 5 6 |  6.2
Invocations    | 1 2 3 4 5 6 |  6.8
Evocations     | 1 2 3 4 5 6 |  6.2
Conjurations   | 1 2 3 4 5 |  5.1
Hexes          | 1 2 3 4 5 |  5.1
Summonings     | 1 2 3 4 5 |  5.1
Necromancy     | 1 2 3 4 5 |  5.1
Translocations | 1 2 3 4 5 |  5.1
Transmutations | 1 2 3 4 5 |  5.1
Fire Magic     | 1 2 3 4 5 |  5.1
Ice Magic      | 1 2 3 4 5 |  5.1
Air Magic      | 1 2 3 4 5 |  5.1
Earth Magic    | 1 2 3 4 5 |  5.1
Poison Magic   | 1 2 3 4 5 |  5.1
Armour         | 3 4 5 6 |  6.8
Fighting       | 5 6 7 |  7.8
Long Blades    | 5 6 7 |  7.8
Dodging        | 5 6 7 |  7.8
Charms         | 6 7 |  7.6

Action                   |  1- 3 |  4- 6 |  7- 9 | 10-12 || total
-------------------------+-------+-------+-------+-------++-------
Melee: Falchion          |    86 |   172 |    58 |       ||   316
       Bite              |     7 |    20 |    41 |    33 ||   101
       Punch             |       |     2 |     2 |       ||     4
       Staff             |       |       |    90 |       ||    90
       Scimitar          |       |       |   107 |   256 ||   363
       Headbutt          |       |       |     5 |    17 ||    22
Throw: Dart              |       |     7 |       |     5 ||    12
       Stone             |       |     1 |       |       ||     1
 Cast: Song of Slaying   |     3 |     2 |     5 |     4 ||    14
       Infusion          |     1 |     2 |     7 |     3 ||    13
       Regeneration      |     2 |     9 |     7 |    11 ||    29
       Shroud of Golubri |       |     3 |     8 |     6 ||    17
       Spectral Weapon   |       |       |    12 |    13 ||    25
       Beastly Appendage |       |       |     5 |     9 ||    14
Invok: Lunge             |       |     8 |    16 |    25 ||    49
       Whirlwind         |       |     2 |    13 |    27 ||    42
       Serpent's Lash    |       |       |       |     5 ||     5
 Abil: Wall Jump         |       |       |     1 |       ||     1
  Use: Scroll            |       |       |     8 |     5 ||    13
       Potion            |       |       |       |     1 ||     1
 Stab: Sleeping          |       |     1 |     4 |     4 ||     9
       Distracted        |       |       |     3 |       ||     3
  Eat: Chunk             |     1 |     6 |    10 |    10 ||    27
Armor: Leather armour    |    15 |    39 |    30 |       ||    84
       Scale mail        |       |       |    25 |    38 ||    63
       Ring mail         |       |       |    10 |     6 ||    16
       Robe              |       |       |       |    25 ||    25
Dodge: Dodged            |    73 |   134 |   175 |   174 ||   556
Block: Buckler           |       |       |       |    82 ||    82
       Rpst.: Falchion   |    22 |    39 |    10 |       ||    71
       Scimitar          |       |       |    21 |    46 ||    67
